 Dungeon Crawl Stone Soup version 0.27-a0-789-g6bb3289e1e (webtiles) character file.

Game seed: 9008174991994316740

112 robertstho the Magician (level 4, -1/32 HPs)
             Began as a Djinni Fire Elementalist on Mar 26, 2021.
             Slain by Crazy Yiuf
             ... wielding a +2 quarterstaff of chaos
              (13 damage)
             ... on level 2 of the Dungeon.
             The game lasted 00:02:11 (2619 turns).

robertstho the Magician (Djinni Fire Elementalist)  Turns: 2619, Time: 00:02:12

Health: -1/32      AC:  4    Str:  7    XL:     4   Next: 93%
Gold:   72         EV: 12    Int: 17    God:
                   SH:  0    Dex: 14

rFire    + + .     SeeInvis .   c - +0 dagger
rCold    x . .     Faith    .   (no shield)
rNeg     . . .     Spirit   .   a - +0 robe
rPois    ∞         Reflect  .   (no helmet)
rElec    .         Harm     .   (no cloak)
rCorr    .         Rampage  .   d - +1 pair of gloves
Will     .....                  (boots unavailable)
Stlth    ++........             (no amulet)
HPRegen  0.10/turn              (no ring)
MPRegen  0.00/turn              (no ring)

@: flying
A: fire resistance 2, cold vulnerability 1, float, innate caster, hp casting,
extra vitality 1
a: no special abilities


You were on level 2 of the Dungeon.
You visited 1 branch of the dungeon, and saw 2 of its levels.

You collected 72 gold pieces.

Inventory:

Hand Weapons
 c - a +0 dagger (weapon)
 e - a +0 falchion
Armour
 a - a +0 robe (worn)
 d - a +1 pair of gloves (worn)
Scrolls
 b - a scroll of identify {unknown}
Potions
 f - a potion of haste {unknown}
 g - 2 potions of curing {unknown}
 h - a potion of brilliance {unknown}


   Skills:
 * Level 1.2 Fighting
 + Level 2.5 Dodging
 - Level 1.5 Stealth
 * Level 4.3 Spellcasting


You couldn't memorise any spells.
You knew the following spells:

 Your Spells              Type           Power      Damage    Failure   Level
a - Foxfire               Conj/Fire      72%        2x1d7     2%          1
b - Conjure Flame         Conj/Fire      18%        6-21      8%          3
c - Inner Flame           Hex/Fire       18%        N/A       8%          3
d - Sticky Flame          Conj/Fire      18%        2d4       26%         4
e - Fireball              Conj/Fire      9%         3d6       56%         5
f - Freeze                Ice            72%        1d9       2%          1
Your spell library was empty.

Dungeon Overview and Level Annotations

Branches:
Dungeon (2/15)

Altars:
Fedhas
Qazlal
Yredelemnul

Annotations:
D:1 1 runed translucent door
D:2 Crazy Yiuf


Innate Abilities, Weirdness & Mutations

You are immune to poison.
Your flesh is very heat resistant. (rF++)
You are vulnerable to cold. (rC-)
You float through the air rather than walking.
You learn spells naturally, not from books.
Your magical power is your life essence.
You have superior vitality. (+4 HP)


Message History

There is an escape hatch in the floor here.
Could not explore, unopened runed door.
Could not explore, unopened runed door.
Could not explore, unopened runed door.
You reach down and open the door.
Crazy Yiuf shouts!
Casting: Foxfire (safe; 2% risk of failure)
Confirm with . or Enter, or press ? or * to list all spells.
The spell is extremely dangerous to cast (26% risk of failure)!
Continue anyway?
Aiming: Sticky Flame (extremely dangerous; 26% risk of failure)
Press: ? - help, Shift-Dir - straight line, f - Crazy Yiuf
Aim: Crazy Yiuf, wielding a +2 quarterstaff of chaos and wearing a +0 cloak (0% to evade)
The sticky flame hits Crazy Yiuf.
Crazy Yiuf is moderately wounded.
Crazy Yiuf is covered in liquid flames!
Crazy Yiuf burns!
Crazy Yiuf drinks a potion.
Crazy Yiuf suddenly seems more resistant.
Crazy Yiuf burns!
Crazy Yiuf burns!
Crazy Yiuf burns!
Casting: Sticky Flame (extremely dangerous; 26% risk of failure)
Confirm with . or Enter, or press ? or * to list all spells.
You conjure some foxfire!
Crazy Yiuf screams, "Mugger verde Xom!"
The foxfire hits Crazy Yiuf.
Crazy Yiuf resists.
Crazy Yiuf is severely wounded.
The foxfire hits Crazy Yiuf but does no damage.
Crazy Yiuf is severely wounded.
Casting: Foxfire (safe; 2% risk of failure)
Confirm with . or Enter, or press ? or * to list all spells.
You conjure some foxfire!
Crazy Yiuf hits you with a +2 quarterstaff of chaos!
The foxfire hits Crazy Yiuf but does no damage.
Crazy Yiuf is severely wounded.
Crazy Yiuf screams, "Blight tortoise mobile!"
Casting: Foxfire (safe; 2% risk of failure)
Confirm with . or Enter, or press ? or * to list all spells.
You conjure some foxfire!
Crazy Yiuf hits you with a +2 quarterstaff of chaos!
You die...

#♣♣.♣♣....#........#
♣♣.♣.♣♣.........####
♣.♣.♣..♣.#.####.#
.♣♣♣♣♣.♣.#..# #.#
♣....♣..♣##.###.##♣♣♣♣♣
.♣._.♣..♣ #..##..#..♣.♣♣♣ ###
♣♣...♣♣.♣###.##.§....♣.g♣#...#
.♣♣♣♣♣.♣...#...v.g..♣♣♣♣.'...#
..♣.♣.♣♣...##..v@#v♣♣ ♣♣#..)#
♣♣...♣.#...##...##♣♣ ###
.♣.♣.♣##...###..#
................#
..######........# ###
#...........# #..........>#
#..........## ######.....#


You could see Crazy Yiuf (resistant, ally target).

Vanquished Creatures
  Natasha (thrice) (D:2)
  A dart slug (D:1)
  A bat zombie (D:2)
  An endoplasm (D:1)
  2 giant cockroaches (D:1)
  7 goblins
  6 hobgoblins
  A quokka (D:1)
  A ball python (D:1)
  A ball python zombie (D:2)
  4 bats
  A frilled lizard (D:1)
  2 kobolds
  4 rats
35 creatures vanquished.

Vanquished Creatures (others)
  113 foxfires
113 creatures vanquished.

Grand Total: 148 creatures vanquished

Notes
Turn   | Place    | Note
-------+----------+-------------------------------------------
     0 | D:1      | robertstho the Djinni Fire Elementalist began the quest for
                  | the Orb.
     0 | D:1      | Reached XP level 1. HP: 15/15 MP: 0/0
     1 | D:1      | Found a runed translucent door.
   286 | D:1      | Reached skill level 3 in Spellcasting
   286 | D:1      | Reached XP level 2. HP: 20/22 MP: 0/0
  1027 | D:1      | Reached XP level 3. HP: 22/26 MP: 0/0
  1027 | D:1      | Learned a level 1 spell: Freeze
  1549 | D:2      | Found a stormy altar of Qazlal.
  1549 | D:2      | Found a blossoming altar of Fedhas.
  1714 | D:2      | Noticed Natasha
  1723 | D:2      | Killed Natasha
  1909 | D:2      | Reached skill level 1 in Fighting
  1992 | D:2      | Found a basalt altar of Yredelemnul.
  2001 | D:2      | Reached XP level 4. HP: 30/32 MP: 0/0
  2082 | D:2      | Noticed Natasha
  2091 | D:2      | Killed Natasha
  2092 | D:2      | Reached skill level 4 in Spellcasting
  2111 | D:2      | Noticed Natasha
  2115 | D:2      | Killed Natasha
  2447 | D:2      | Found a runed translucent door.
  2448 | D:2      | Noticed Crazy Yiuf
  2619 | D:2      | Slain by Crazy Yiuf

Illustrated notes

Levels and vault maps discovered:
D:1:      dpeg_arrival_caged_fury, layout_basic
D:2:      layout_basic, grunt_temple_overflow_forces_of_nature,
          nicolae_yredelemnul_corpse_copse, uniq_natasha,
          uniq_crazy_yiuf_cottage

Skill      XL: |  1  2  3  4 |
---------------+-------------+-----
Spellcasting   | 3 4 |  4.3
Fighting       | 1 |  1.2
Dodging        | |  2.5
Stealth        | |  1.5

Action                   |  1- 3 |  4- 6 || total
-------------------------+-------+-------++-------
Melee: Unarmed           |     1 |       ||     1
 Cast: Foxfire           |    51 |    20 ||    71
       Sticky Flame      |       |     1 ||     1
Armor: Robe              |     8 |       ||     8
Dodge: Dodged            |    27 |     2 ||    29

Table legend: (Time is in decaauts)
 A = Elapsed time spent in this place.
 B = Non-inter-level travel time spent in this place.
 C = Inter-level travel time spent in this place.
 D = Time resting spent in this place.
 E = Time spent auto-exploring this place.
 F = Levels seen in this place.
 G = Mean time per level.
                   A        B        C        D        E       F      G
               +--------+--------+--------+--------+--------+-----+--------+
         Total |   2627 |   2611 |     16 |      0 |   2371 |   2 | 1313.5 |
       Dungeon |   2627 |   2611 |     16 |      0 |   2371 |   2 | 1313.5 |
               +--------+--------+--------+--------+--------+-----+--------+

Top non-repeatable levels by time:
     D:1: 1548 daAuts
     D:2: 1078 daAuts
